 Dungeon Crawl Stone Soup version 0.28.0-53-g5a82cb258f (console) character file.

Game seed: 5399577662272948908

37 grimtooth the Sneak (level 3, -5/26 HPs)
             Began as an Octopode Delver on June 23, 2022.
             Slain by Natasha (7 damage)
             ... on level 2 of the Dungeon.
             The game lasted 00:07:39 (2267 turns).

grimtooth the Sneak (Octopode Delver)               Turns: 2267, Time: 00:07:39

Health: -5/26      AC:  1    Str: 11    XL:     3   Next: 41%
Magic:  3/3        EV: 13    Int: 14    God:
Gold:   39         SH:  0    Dex: 13    Spells: 2/2 levels left

rFire   . . .      SeeInvis .   a - +0 mace
rCold   . . .      Faith    .   (no shield)
rNeg    . . .      Spirit   .   (helmet restricted)
rPois   .          Reflect  .   (no amulet)
rElec   .          Harm     .   (no ring)
rCorr   .          Rampage  .   (no ring)
Will    .....                   (no ring)
Stlth   +++++.....              (no ring)
HPRegen 0.08/turn               (no ring)
MPRegen 0.08/turn               (no ring)
                                (no ring)
                                (no ring)

@: no status effects
A: almost no armour, amphibious, 8 rings, camouflage 1, gelatinous body 1,
(nimble swimmer 1), tentacles
a: no special abilities


You were on level 2 of the Dungeon.
You visited 1 branch of the dungeon, and saw 5 of its levels.

You collected 39 gold pieces.

Inventory:

Hand Weapons
 a - a +0 mace (weapon)
 h - a +0 dagger
Missiles
 i - 15 stones (quivered)
Wands
 f - a wand of digging (2)
Scrolls
 b - 2 scrolls of fog
 c - a scroll of magic mapping
 d - a scroll of fear
 g - a scroll of identify {unknown}
 k - a scroll of silence {unknown}
Potions
 e - a potion of haste
 j - a potion of invisibility {unknown}


   Skills:
 - Level 3.0 Fighting
 - Level 2.0 Maces & Flails
 * Level 2.4 Dodging
 + Level 7.8 Stealth


You had 2 spell levels left.
You didn't know any spells.
Your spell library was empty.

Dungeon Overview and Level Annotations

Branches:
Dungeon (5/15)
 Temple: D:4-7

Altars:

Annotations:
D:2 Jessica, Natasha, Sigmund


Innate Abilities, Weirdness & Mutations

You cannot wear most types of armour.
You are amphibious.
You can wear up to eight rings at the same time.
Your skin changes colour to match your surroundings (Stealth+).
Your rubbery body absorbs attacks. (AC +1, EV +1)
((You are camouflaged when in or above water. (Stealth+)))
You have tentacles for arms and can constrict up to eight enemies at once.


Message History

The goblin shouts!
You hear a shout!
The crimson imp closely misses you.
Natasha mumbles some strange words.
You hit the crimson imp. You grab the crimson imp.
The crimson imp is heavily wounded.
You constrict the crimson imp, but do no damage.
The crimson imp hits you. x2
You hit the crimson imp but do no damage.
Your squeeze misses the crimson imp.
The crimson imp is moderately wounded.
You constrict the crimson imp. The crimson imp hits you.
You hit the crimson imp.
The crimson imp is heavily wounded.
You constrict the crimson imp. The crimson imp barely misses you.
Jessica the Apprentice Sorceress comes into view.
She is wielding a +0 flail.
You hit the crimson imp but do no damage.
Your squeeze misses the crimson imp.
The crimson imp is severely wounded.
You constrict the crimson imp. The crimson imp misses you.
The crimson imp escapes!
Natasha claws you.
Jessica gestures wildly while chanting.
Jessica blinks!
The crimson imp hits you.
You barely miss Natasha. Your grab misses Natasha. Natasha barely misses you.
The crimson imp hits you.
* * * LOW HITPOINT WARNING * * *
The crimson imp hits you.
* * * LOW HITPOINT WARNING * * *
Natasha claws you.
* * * LOW HITPOINT WARNING * * *
You hit Natasha but do no damage. Your grab misses Natasha.
The crimson imp misses you.
The shadow imp shouts, "Give up, thou surly miscreant bandersnitch!"
The crimson imp blinks!
Natasha barely misses you. The crimson imp hits you.
* * * LOW HITPOINT WARNING * * *
You barely miss Natasha. You grab Natasha.
You squeeze Natasha, but do no damage.
You constrict Natasha, but do no damage.
Natasha claws you!
You die...

..........#
#........#### ##
#h..........# #.
#........##.## #.
#........##..####.
#...............h
#..@.....#....#..
##.5†............
###5.###....###...
.. #h5g##
##....###..
#.###@###
##.#..##.. #.##§.#
#.##.###. #.##.##
#.##..... #.##.#
#...###.) #.##.#
#.#.# #.. #.##.#
#...###.. #....#
###..##.# #..###
#...#.. #.##
##..##. #####.#
#..### #..>..#
#..###


You could see Natasha, 2 crimson imps, a shadow imp (summoned), Jessica and a
goblin.

Vanquished Creatures
  A dart slug (D:1)
  3 bats
  3 endoplasms (D:1)
  2 goblins (D:1)
  3 hobgoblins (D:1)
  8 jackals
  2 kobolds
  A quokka (D:5)
  A ball python (D:1)
  3 frilled lizards
  3 rats (D:1)
30 creatures vanquished.

Notes
Turn   | Place    | Note
-------+----------+-------------------------------------------
     0 | D:5      | grimtooth the Octopode Delver began the quest for the Orb.
     0 | D:5      | Reached XP level 1. HP: 16/16 MP: 1/1
   275 | D:5      | Noticed a killer bee
   354 | D:5      | Noticed an iguana
   355 | D:5      | Noticed a scorpion
   807 | D:1      | Reached skill level 7 in Stealth
   807 | D:1      | Reached XP level 2. HP: 21/21 MP: 2/2
   822 | D:1      | Found a faded altar of an unknown god.
  1777 | D:1      | Reached XP level 3. HP: 26/26 MP: 3/3
  2153 | D:2      | Noticed Sigmund
  2249 | D:2      | Noticed Natasha
  2262 | D:2      | Noticed Jessica
  2267 | D:2      | Slain by Natasha

Illustrated notes

Levels and vault maps discovered:
D:1:      dpeg_arrival_water_fire, layout_basic, basic_ecumenical_altar,
          chequers_avenue
D:2:      layout_rooms, uniq_sigmund, uniq_jessica, uniq_natasha
D:3:      layout_basic, serial_shops, shop_fountains
D:4:      layout_loops_ring
D:5:      layout_layer_cave, st_stairs_10, uniq_crazy_yiuf_cottage

Skill      XL: |  1 |
---------------+----+-----
Stealth        | 7 |  7.8
Fighting       | |  3.0
Maces & Flails | |  2.0
Dodging        | |  2.4

Action                   || total
-------------------------++-------
Melee: Mace              ||    70
       Constrict         ||    19
       Tentacles         ||    11
       Punch             ||     1
Throw: Stone             ||     5
Evoke: Wand              ||     1
 Stab: Sleeping          ||     7
Armor: Skin              ||    11
Dodge: Dodged            ||    47
